 Dungeon Crawl Stone Soup version 0.29-a0-284-gf9362112df (webtiles) character file.

Game seed: 6249168928018921725

611 YayAnonymity the Magician (level 7, -3/45 HPs)
             Began as a Djinni Conjurer on Mar 19, 2022.
             Slain by a sky beast (4 damage)
             ... on level 4 of the Dungeon.
             The game lasted 00:10:26 (4841 turns).

YayAnonymity the Magician (Djinni Conjurer)         Turns: 4841, Time: 00:10:26

Health: -3/45      AC:  2    Str:  6    XL:     7   Next: 72%
Gold:   211        EV: 13    Int: 22    God:
                   SH:  0    Dex: 11

rFire   + + +      SeeInvis .   l - +0 quarterstaff
rCold   x . .      Faith    .   (shield currently unavailable)
rNeg    . . .      Spirit   .   a - +0 robe
rPois   ∞          Reflect  .   (no helmet)
rElec   .          Harm     .   (no cloak)
rCorr   .          Rampage  .   (no gloves)
Will    .....                   (boots unavailable)
Stlth   ++........              (no amulet)
HPRegen 0.15/turn               i - ring of protection from fire
MPRegen 0.00/turn               (no ring)

@: flying
A: sickness immunity, fire resistance 2, cold vulnerability 1, float, innate
caster, HP casting, extra vitality 1
a: no special abilities


You were on level 4 of the Dungeon.
You visited 1 branch of the dungeon, and saw 4 of its levels.
You also visited: Sewer.

You collected 251 gold pieces.
You spent 40 gold pieces at shops.

Inventory:

Hand Weapons
 l - a +0 quarterstaff (weapon)
Missiles
 d - 96 stones
 p - 11 poisoned darts
Armour
 a - a +0 robe (worn)
Jewellery
 i - a ring of protection from fire (left hand)
 t - a ring of ice
Wands
 m - a wand of polymorph (8)
Scrolls
 e - a scroll of identify
 f - a scroll of enchant armour
 g - a scroll of fear
 k - a scroll of teleportation
 n - 2 scrolls of magic mapping
 r - a scroll of amnesia {unknown}
 s - a scroll of summoning {unknown}
Potions
 b - a potion of haste
 c - a potion of curing {unknown}
 h - a potion of might {unknown}
 j - a potion of cancellation
 o - a potion of experience {unknown}
 q - a potion of invisibility {unknown}


   Skills:
 + Level 2.9 Staves
 + Level 4.8 Dodging
 - Level 1.5 Stealth
 - Level 0.1 Shields
 * Level 5.4 Spellcasting


You couldn't memorise any spells.
You knew the following spells:

 Your Spells              Type           Power      Damage    Failure   Level
a - Magic Dart            Conj           100%       1d8       1%          1
b - Searing Ray           Conj           60%        2d6       1%          2
c - Dazzling Flash        Conj/Hex       60%        N/A       3%          3
d - Fulminant Prism       Conj/Hex       15%        3d11      11%         4
e - Iskenderun's Mystic   Conj/Tloc      30%        2d8       11%         4
f - Foxfire               Conj/Fire      100%       2x1d9     1%          1
g - Wereblood             Tmut           30%        N/A       1%          2
h - Ignite Poison         Fire/Tmut/Pois 30%        N/A       3%          3
Your spell library was empty.

Dungeon Overview and Level Annotations

Branches:
Dungeon (4/15)              Sewer (visited)
 Temple: D:4-7

Altars:

Shops:
D:2 (

Annotations:
D:4 Grinder


Innate Abilities, Weirdness & Mutations

You are immune to sickness and miasma.
You are immune to poison.
Your flesh is very heat resistant. (rF++)
You are vulnerable to cold. (rC-)
You float through the air rather than walking.
You learn spells naturally, not from books.
Your magical power is your life essence.
You have superior vitality. (+4 MHP)


Message History

Confirm with . or Enter, or press ? or * to list all spells.
Aiming: Searing Ray (safe; 1% risk of failure)
Press: ? - help, Shift-Dir - straight line, f/p - ogre
Aim: an ogre, wielding a +0 giant spiked club (severely wounded, 90% to hit)
The searing ray hits the ogre.
The ogre is almost dead. (Press . to maintain the ray.)
The searing ray hits the ogre!
You kill the ogre!
The searing ray hits the orc!
You kill the orc!
The searing ray hits the kobold.
You kill the kobold!
The searing ray hits the orc!
You kill the orc!
You finish channelling your searing ray.
Something hits you. Something shocks you.
Casting: Searing Ray (safe; 1% risk of failure)
Confirm with . or Enter, or press ? or * to list all spells.
Aiming: Searing Ray (safe; 1% risk of failure)
Press: ? - help, Shift-Dir - straight line, f - Grinder
Aim: Grinder (moderately wounded, 77% to hit)
The searing ray hits something but does no damage.
The searing ray hits Grinder!
Grinder is heavily wounded. (Press . to maintain the ray.)
Something hits you. Something shocks you.
* * * LOW HITPOINT WARNING * * *
The searing ray hits something.
The searing ray hits Grinder!
Grinder is severely wounded.
* * * LOW HITPOINT WARNING * * *
Something hits you.
* * * LOW HITPOINT WARNING * * *
Something shocks you.
* * * LOW HITPOINT WARNING * * *
The searing ray hits Grinder!
Grinder is almost dead.
* * * LOW HITPOINT WARNING * * *
Grinder blinks!
Something hits you.
You die...

# ####.. ### .# #
.....§ ..##.# #
#o>... #.##.. #
...5..# #.##.# #
....... #.##.# #
....).. ##.##.# #
....)..####5..#.# #
#)§)@..#...# #
######...#.# #
##.##.# # #.##.#####
# #<##.....######
........######.......
.....................
#####################


You could see Grinder.

Vanquished Creatures
  An ogre (D:4)
  4 kobold brigands (Sewer)
  An orc priest (D:4)
  An iguana (D:3)
  6 adders
  A river rat (Sewer)
  7 worms
  A dart slug (D:1)
  6 orcs
  10 endoplasms
  3 giant cockroaches
  10 goblins
  8 hobgoblins
  8 jackals
  12 kobolds
  2 quokkas
  9 ball pythons
  4 bats
  3 frilled lizards
  8 rats
105 creatures vanquished.

Vanquished Creatures (others)
  26 foxfires
  3 fulminant prisms
29 creatures vanquished.

Grand Total: 134 creatures vanquished

Notes
Turn   | Place    | Note
-------+----------+-------------------------------------------
     0 | D:1      | YayAnonymity the Djinni Conjurer began the quest for the
                  | Orb.
     0 | D:1      | Reached XP level 1. HP: 15/15 MP: 0/0
   184 | D:1      | Reached XP level 2. HP: 7/21 MP: 0/0
   819 | D:1      | Reached XP level 3. HP: 22/25 MP: 0/0
   819 | D:1      | Learned a level 1 spell: Foxfire
  1895 | D:2      | Reached XP level 4. HP: 30/31 MP: 0/0
  2105 | D:2      | Found Gagimpaj's Weapon Boutique.
  2113 | D:2      | Bought a +0 quarterstaff for 40 gold pieces
  2190 | D:2      | Found a faded altar of an unknown god.
  2195 | D:2      | Reached skill level 4 in Spellcasting
  2696 | D:3      | Found a glowing drain.
  2782 | Sewer    | Entered a sewer
  2811 | Sewer    | Reached XP level 5. HP: 29/35 MP: 0/0
  2811 | Sewer    | Learned a level 2 spell: Wereblood
  2870 | Sewer    | Reached skill level 1 in Staves
  3262 | Sewer    | Noticed a kobold brigand
  3272 | Sewer    | Killed a kobold brigand
  3273 | Sewer    | Reached XP level 6. HP: 27/40 MP: 0/0
  3572 | Sewer    | Reached skill level 5 in Spellcasting
  3796 | Sewer    | Reached XP level 7. HP: 38/45 MP: 0/0
  3796 | Sewer    | Learned a level 3 spell: Ignite Poison
  4825 | D:4      | Noticed Grinder
  4840 | D:4      | HP: 2/45 [something (5)]
  4841 | D:4      | Slain by a sky beast

Illustrated notes

Levels and vault maps discovered:
D:1:      tarquinn_simple_flora_water_e, layout_loops_ring
D:2:      layout_loops_ring, serial_shops, nicolae_shop_bloodbath_and_beyond,
          hellmonk_ecumenical_altar_heavens_door, corexii_leaking_fountain
D:3:      layout_rooms, cheibrodos_sewer_entry_bend
D:4:      layout_loops_ring, uniq_grinder

Skill      XL: |  1  2  3  4  5  6 |
---------------+-------------------+-----
Dodging        | 3 4 |  4.8
Spellcasting   | 4 5 |  5.4
Staves         | 1 2 |  2.9
Stealth        | |  1.5
Shields        | |  0.1

Action                   |  1- 3 |  4- 6 |  7- 9 || total
-------------------------+-------+-------+-------++-------
Melee: Dagger            |    11 |       |       ||    11
       Quarterstaff      |       |       |     1 ||     1
 Cast: Magic Dart        |    69 |    95 |    30 ||   194
       Searing Ray       |     1 |     5 |     4 ||    10
       Foxfire           |       |     7 |     8 ||    15
       Fulminant Prism   |       |       |     3 ||     3
  Use: Scroll            |     8 |     1 |     2 ||    11
Armor: Robe              |     5 |     7 |       ||    12
Dodge: Dodged            |    19 |    10 |     2 ||    31
Block: Buckler           |       |     2 |       ||     2

Table legend: (Time is in decaauts)
 A = Elapsed time spent in this place.
 B = Non-inter-level travel time spent in this place.
 C = Inter-level travel time spent in this place.
 D = Time resting spent in this place.
 E = Time spent auto-exploring this place.
 F = Levels seen in this place.
 G = Mean time per level.
                   A        B        C        D        E       F      G
               +--------+--------+--------+--------+--------+-----+--------+
         Total |   4845 |   4643 |    202 |    332 |   3610 |   5 |  969.0 |
       Dungeon |   3555 |   3353 |    202 |    332 |   2518 |   4 |  888.8 |
         Sewer |   1289 |   1289 |      0 |      0 |   1092 |   1 | 1289.0 |
               +--------+--------+--------+--------+--------+-----+--------+

Top non-repeatable levels by time:
     D:1: 1416 daAuts
   Sewer: 1289 daAuts
     D:2: 1147 daAuts
     D:3: 843 daAuts
     D:4: 147 daAuts
